AoeStats
← 739697286

Pilgrims

508408567Analyzed
4v4 RM · 11d ago on Sep 22, 2026· 36m 31s· 8 players
Game mode
Random Map
Map size
Large (8 player)
Population
200
Speed
Normal
Resources
Standard
Victory
Conquest
Starting age
Dark Age
Ending age
Imperial Age
RankedLock teamsTeams togetherTeam positionsShared explorationLock speedFull tech treeHidden civsTurbo modeCheats
Victory
Defeat
🇨🇳 Persians · China
1556
+14
🇨🇳 Shu · China
1510
+15
🇻🇳 Burgundians · Vietnam
1495
+16
🇭🇰 Chinese · Hong Kong SAR China
1443
+19
🇹🇷 Spanish · Türkiye
1553
-18
🇵🇪 Goths · Peru
1540
-18
🇨🇳 Mongols · China
1471
-15
🇨🇳 Dravidians · China
1430
-13
vitroti
6:34 Loom
11:04 Feudal Age
12:37 Fishing Lines
15:25 Castle Age
13:31 Double-Bit Axe
13:27 Horse Collar
14:25 Bow Saw
18:06 Two-Man Saw
23:07 Scale Barding Armor
25:52 Wheelbarrow
25:57 Chain Barding Armor
26:26 Forging
26:36 Heavy Plow
27:50 Fletching
32:54 Imperial Age
31:50 Iron Casting
31:13 Gold Mining
34:18 Hand Cart
35:34 Plate Barding Armor
36:16 Blast Furnace
34:51 Elite Coustillier
37:32 Blast Furnace
37:15 Gold Shaft Mining
dentist-44
6:01 Loom
11:03 Feudal Age
13:04 Double-Bit Axe
15:26 Castle Age
16:27 Medium Warships
16:18 Town Watch
18:00 Fletching
20:35 Bodkin Arrow
20:59 Fishing Lines
22:29 Forging
23:34 Horse Collar
24:04 Bow Saw
24:09 Gold Mining
31:17 Imperial Age
31:12 Gold Shaft Mining
31:19 Scale Mail Armor
33:01 Chain Mail Armor
33:17 Conscription
33:47 Wheelbarrow
33:49 Coiled Serpent Array
35:32 Heavy Warships
35:56 Bracer
35:36 Elite White Feather Guard
35:59 Demolition Ship
勤奮的兔兔
5:20 Loom
20:13 Feudal Age
22:30 Fishing Lines
22:53 Double-Bit Axe
26:45 Castle Age
24:28 Horse Collar
25:04 Gold Mining
28:16 Wheelbarrow
29:26 Bow Saw
29:17 Heavy Plow
33:51 Coinage
739697286
2:19 Loom
2:27 Loom
10:05 Feudal Age
21:21 Castle Age
22:33 Medium Warships
24:46 Wheelbarrow
30:03 Fishing Lines
30:47 Gold Mining
32:19 Horse Collar
向阳花
6:24 Loom
12:06 Feudal Age
17:11 Castle Age
20:05 Horse Collar
28:17 Stone Mining
30:20 Wheelbarrow
30:57 Gold Mining
35:39 Imperial Age
35:09 Bloodlines
34:59 Husbandry
35:09 Scale Barding Armor
35:15 Forging
35:08 Double-Bit Axe
36:32 Chain Barding Armor
36:00 Elite Steppe Lancer
KLIKELIN
5:21 Loom
12:52 Feudal Age
17:17 Castle Age
15:26 Double-Bit Axe
25:03 Forging
30:49 Horse Collar
安心
11:15 Feudal Age
12:27 Fishing Lines
12:39 Double-Bit Axe
13:57 Loom
15:11 Fletching
16:52 Gold Mining
19:44 Castle Age
21:34 Medium Warships
21:41 Bodkin Arrow
22:12 Bow Saw
vela
4:22 Loom
11:59 Feudal Age
23:22 Castle Age
31:44 Fishing Lines
32:18 Town Watch
32:55 Gillnets
33:44 Horse Collar
33:52 Double-Bit Axe
34:32 Heavy Plow
34:22 Gold Mining
35:20 Bow Saw
Connection lost

Rejoining the realm…

Still unreachable

The connection could not be restored.

Session expired

The server has moved on; the page needs a fresh start.